 Dungeon Crawl Stone Soup version 0.26.0-16-gc1dbca0489 (webtiles) character file.

Game seed: 5370675971546561869

46 thiole the Sneak (level 3, -2/21 HPs)
             Began as an Octopode Hedge Wizard on Jan 22, 2021.
             Was an Initiate of Gozag.
             Slain by an orc
             ... wielding a cursed +0 hand axe
              (7 damage)
             ... on level 3 of the Dungeon.
             The game lasted 00:02:58 (2395 turns).

thiole the Sneak (Octopode Hedge Wizard)            Turns: 2395, Time: 00:02:58

Health: -2/21      AC:  1    Str:  9    XL:     3   Next: 68%
Magic:  7/7        EV: 13    Int: 17    God:    Gozag
Gold:   135        SH:  0    Dex: 11    Spells: 7/8 levels left

rFire    . . .     SeeInvis .   h - +3 dagger
rCold    . . .     Faith    .   (no shield)
rNeg     . . .     Spirit   .   b - +0 hat
rPois    +         Reflect  .   (no amulet)
rElec    .         Harm     .   g - ring of poison resistance
rCorr    .         Rampage  .   (no ring)
Will     .....                  (no ring)
Stlth    +++.......             (no ring)
HPRegen  0.07/turn              (no ring)
MPRegen  0.10/turn              (no ring)
                                (no ring)
                                (no ring)

@: no status effects
A: almost no armour, stealthy swim, amphibious, 8 rings, constrict 8, camouflage
1, gelatinous body 1
a: Renounce Religion, Potion Petition, Call Merchant, Bribe Branch


You were on level 3 of the Dungeon.
You worshipped Gozag.
Gozag was aware of your devotion.
You visited 1 branch of the dungeon, and saw 4 of its levels.

You collected 175 gold pieces.
You paid 40 gold pieces to Gozag.

Inventory:

Hand Weapons
 a - a +0 dagger
 h - a +3 dagger (weapon)
Armour
 b - a +0 hat (worn)
Jewellery
 g - a ring of poison resistance (left tentacle)
Scrolls
 c - 2 scrolls of enchant armour {unknown}
 i - a scroll of immolation {unknown}
 j - a scroll of amnesia {unknown}
 k - a scroll of teleportation {unknown}
 l - a scroll of random uselessness {unknown}
 n - a scroll of remove curse {unknown}
Potions
 d - a potion of might {unknown}
 e - a potion of curing {unknown}
 f - a potion of magic {unknown}
 m - a potion of haste {unknown}


   Skills:
 - Level 2.0 Dodging
 + Level 3.6 Stealth
 + Level 3.2 Spellcasting
 - Level 2.0 Conjurations
 - Level 2.0 Summonings
 - Level 1.0 Translocations


You had 7 spell levels left.
You knew the following spells:

 Your Spells              Type           Power        Failure   Level
a - Magic Dart            Conj           36%          8%          1

Your spell library contained the following spells:

 Spells                   Type           Power        Failure   Level
 Call Imp                 Summ           9%           12%         2
 Blink                    Tloc           N/A          17%         2
 Slow                     Hex            2%           26%         2
 Conjure Flame            Conj/Fire      6%           34%         3
 Mephitic Cloud           Conj/Pois/Air  5%           36%         3


Dungeon Overview and Level Annotations

Branches:
Dungeon (4/15)
 Temple: D:4-7

Altars:
Elyvilon
Gozag
Uskayaw

Annotations:
D:2 Sigmund


Innate Abilities, Weirdness & Mutations

You cannot wear most types of armour.
You are very stealthy in the water. (Stealth+)
You are amphibious.
You can wear up to eight rings at the same time.
You can use your tentacles to constrict eight enemies at once.
Your skin changes colour to match your surroundings (Stealth+).
Your rubbery body absorbs attacks. (AC +1, EV +1)


Message History

Done exploring.
(D) Dungeon
Where to? (Enter - D:3, ? - help)
There is a stone staircase leading down here.
You climb downwards.
An adder, 2 orcs, an orc wizard and an ogre come into view.
The orc wizard is wielding a +0 dagger of venom.
The ogre shouts!
The orc shouts! x2; The adder hisses angrily.
You hear a bark!
Found a scroll labelled VARGHO KEUHI.
There is a stone staircase leading up here.
The orc wizard looks encouraged for a moment.
The orc barely misses you.
The ogre hits you with a +0 giant spiked club!
Ouch! That really hurt!
* * * LOW HITPOINT WARNING * * *
You climb upwards.
There is a stone staircase leading down here.
The orc hits you with a cursed +0 hand axe!
You die...
Your body crumbles into a pile of gold.

#......#....##...)## ###..###.
###......####..###..#####........
.........#####...#...##).....#...
###..........................#...
# #^.....######..................
# #####..# ####.###..##...#.#.#..
# ##.###.O..# #..#...##...... ###
#..##..>o###......###..... ..#
##..#....@....#.....###...
#.########.......##.##..##.###...
#....).####.........##..##..##...
######..# #......#......##.....##
##.###......#.#.......#..###
#............#...........#.
###........##..........#...
######...###...#...............
#............##..#.........#.#.


You could see an ogre and an orc.

Vanquished Creatures
  2 dart slugs (D:1)
  2 leopard geckos (D:1)
  A giant cockroach (D:1)
  5 goblins
  7 hobgoblins
  5 jackals (D:1)
  A quokka (D:2)
  4 bats
  2 frilled lizards
  4 kobolds
  3 rats (D:1)
36 creatures vanquished.

Vanquished Creatures (others)
  A plant (D:1)
1 creature vanquished.

Grand Total: 37 creatures vanquished

Notes
Turn   | Place    | Note
-------+----------+-------------------------------------------
     0 | D:1      | thiole the Octopode Hedge Wizard began the quest for the
                  | Orb.
     0 | D:1      | Reached XP level 1. HP: 11/11 MP: 4/4
   269 | D:1      | Reached XP level 2. HP: 17/17 MP: 3/6
   590 | D:1      | Reached XP level 3. HP: 21/21 MP: 2/7
  1624 | D:2      | Found an opulent altar of Gozag.
  1629 | D:2      | Became a worshipper of Gozag Ym Sagoz the Greedy
  1678 | D:2      | Noticed Sigmund
  2199 | D:3      | Found a white marble altar of Elyvilon.
  2371 | D:3      | Found a hide-covered altar of Uskayaw.
  2391 | D:4      | Noticed an ogre
  2395 | D:3      | Slain by an orc

Illustrated notes

Levels and vault maps discovered:
D:1:      tarquinn_simple_flora_water_d, layout_loops_ring
D:2:      layout_loops_ring, lemuel_doored_altar, ashenzari_conservatory_becter,
          nzn_hepliaklqana_mist_gate, marbit_many_paths, uniq_sigmund,
          uniq_robin
D:3:      layout_rooms, nicolae_overflow_hidden_temple, elyvilon_altar_3
D:4:      layout_loops_ring, vehumet_crystals, amcnicky_altar_lugonu_corruption,
          uniq_grinder

Skill      XL: |  1  2  3 |
---------------+----------+-----
Stealth        | 3 |  3.6
Summonings     | 2 |  2.0
Conjurations   | 2 |  2.0
Dodging        | |  2.0
Spellcasting   | |  3.2
Translocations | |  1.0

Action                   || total
-------------------------++-------
Melee: Dagger            ||    31
       Constrict         ||     9
       Tentacles         ||     5
 Cast: Magic Dart        ||    73
 Stab: Sleeping          ||     1
Armor: Skin              ||     6
Dodge: Dodged            ||     9
